 Dungeon Crawl Stone Soup version 0.22.0 (webtiles) character file.

518 CyclopB the Cudgeler (level 7, -2/62 HPs)
             Began as a Troll Gladiator on Dec 29, 2018.
             Slain by a mummy (17 damage)
             ... in an ossuary.
             The game lasted 00:10:25 (2403 turns).

CyclopB the Cudgeler (Troll Gladiator)              Turns: 2403, Time: 00:10:26

Health: -2/62      AC:  5    Str: 24    XL:     7   Next: 1%
Magic:  6/6        EV: 10    Int:  4    God:
Gold:   104        SH:  0    Dex: 12    Spells: 6/6 levels left

rFire    . . .     SeeInvis .   a - +0 flail
rCold    . . .     Gourm    +   (no shield)
rNeg     . . .     Faith    .   b - +0 robe
rPois    .         Spirit   .   c - +0 hat
rElec    .         Reflect  .   (no cloak)
rCorr    .         Harm     .   (gloves unavailable)
MR       .....                  (boots unavailable)
Stlth    +.........             (no amulet)
HPRegen  0.60/turn              (no ring)
MPRegen  0.10/turn              (no ring)

@: slowed, very slow
A: large, unfitting armour, claws 3, fast metabolism 3, gourmand, regeneration
1, shaggy fur 1, tough skin 2
a: no special abilities


You were in an ossuary.
You were very full.

You visited 1 branch of the dungeon, and saw 4 of its levels.
You also visited: Ossuary.

You collected 104 gold pieces.

Inventory:

Hand Weapons
 a - a +0 flail (weapon)
Missiles
 d - 2 throwing nets (quivered)
 i - 73 stones
 y - 5 tomahawks of dispersal
 C - 2 javelins
Armour
 b - a +0 robe (worn)
 c - a +0 hat (worn)
Jewellery
 p - an uncursed amulet of regeneration {unknown}
 x - a +3 ring of evasion {unknown}
Wands
 s - a wand of digging (18)
 z - a wand of paralysis (7)
Scrolls
 h - a scroll of noise {unknown}
 k - a scroll of immolation {unknown}
 l - a scroll of enchant weapon {unknown}
 n - 3 scrolls of teleportation
 u - 2 scrolls of amnesia {unknown}
 v - 2 scrolls of remove curse {unknown}
 w - a scroll of fear {unknown}
 B - 2 scrolls of magic mapping {unknown}
Potions
 e - 2 potions of agility {unknown}
 g - 2 potions of flight {unknown}
 m - a potion of haste {unknown}
 o - a potion of might {unknown}
 r - a potion of berserk rage {unknown}
 t - 2 potions of degeneration {unknown}
 D - a potion of curing {unknown}
Comestibles
 f - 9 rations
 q - 5 chunks of flesh


   Skills:
 - Level 1.5 Fighting
 + Level 7.3 Maces & Flails
 - Level 1.7 Throwing
 - Level 2.4 Dodging


You had 6 spell levels left.
You didn't know any spells.
Your spell library was empty.

Dungeon Overview and Level Annotations

Branches:
Dungeon (4/15)
 Temple: D:4-7

Altars:
Dithmenos
Fedhas
Nemelex Xobeh
Qazlal


Innate Abilities, Weirdness & Mutations

You are too large for most types of armour.
You have claws for hands.
Your metabolism is lightning-fast.
You like to eat raw meat.
Your natural rate of healing is unusually fast.
You are covered in fur. (AC +1)
You have very tough skin. (AC +2)


Message History

* * * LOW HITPOINT WARNING * * *
The mummy barely misses you.
You feel much better. The bog mummy hits you. The mummy hits you!
You bludgeon the bog mummy!!
You destroy the bog mummy!
You have reached level 7!
The mummy closely misses you.
You hit the mummy.
The mummy is lightly damaged.
The mummy barely misses you.
You barely miss the mummy.
The mummy is lightly damaged.
You barely miss the mummy.
The mummy is lightly damaged.
The mummy hits you!
* * * LOW HITPOINT WARNING * * *
You hit the mummy.
The mummy is heavily damaged.
The mummy hits you!
You die...

#####
#∩..#
#.∩@#
#(M.#
##'##
...
#'#≈≈
#.
.#.
##
####


You could see a mummy.

Vanquished Creatures
  Grinder (D:4)
  A water moccasin skeleton (D:4)
  Jessica (D:3)
  2 worker ants (D:4)
  A killer bee zombie (Ossuary)
  4 mummies (Ossuary)
  3 adders
  An ooze (D:4)
  An adder skeleton (D:2)
  2 worms
  A dart slug (D:1)
  3 leopard geckos
  6 orcs
  2 giant cockroaches
  4 goblins
  9 hobgoblins
  2 jackals (D:3)
  5 quokkas
  5 bats
  11 kobolds
  8 rats
73 creatures vanquished.

Vanquished Creatures (others)
  2 withered plants (Ossuary)
2 creatures vanquished.

Grand Total: 75 creatures vanquished

Notes
Turn   | Place    | Note
-------+----------+-------------------------------------------
     0 | D:1      | CyclopB the Troll Gladiator began the quest for the Orb.
     0 | D:1      | Reached XP level 1. HP: 19/19 MP: 0/0
    41 | D:1      | Reached skill level 3 in Maces & Flails
   110 | D:1      | Reached XP level 2. HP: 27/27 MP: 1/1
   805 | D:2      | Reached XP level 3. HP: 26/33 MP: 2/2
   843 | D:2      | Found a shadowy altar of Dithmenos.
   846 | D:2      | Reached skill level 4 in Maces & Flails
  1114 | D:2      | Found a stormy altar of Qazlal.
  1476 | D:3      | Noticed Jessica
  1512 | D:3      | Killed Jessica
  1512 | D:3      | Reached XP level 4. HP: 20/41 MP: 3/3
  1668 | D:3      | Reached skill level 5 in Maces & Flails
  1917 | D:3      | Found a blossoming altar of Fedhas.
  2136 | D:4      | Reached XP level 5. HP: 48/48 MP: 4/4
  2146 | D:4      | Found a sparkling altar of Nemelex Xobeh.
  2301 | D:4      | Noticed Grinder
  2314 | D:4      | Killed Grinder
  2314 | D:4      | Reached skill level 6 in Maces & Flails
  2314 | D:4      | Reached XP level 6. HP: 55/55 MP: 5/5
  2315 | D:4      | Found a sand-covered staircase.
  2350 | Ossuary  | Entered an ossuary
  2359 | Ossuary  | Reached skill level 7 in Maces & Flails
  2397 | Ossuary  | HP: 1/55 [bog mummy (17)]
  2399 | Ossuary  | Reached XP level 7. HP: 19/62 MP: 6/6
  2403 | Ossuary  | Slain by a mummy

Skill      XL: |  1  2  3  4  5  6 |
---------------+-------------------+-----
Maces & Flails | 3 4 5 6 7 |  7.3
Fighting       | |  1.5
Throwing       | |  1.7
Dodging        | |  2.4

Action                   |  1- 3 |  4- 6 |  7- 9 || total
-------------------------+-------+-------+-------++-------
Melee: Flail             |    91 |   186 |     4 ||   281
Throw: Stone             |    11 |    17 |       ||    28
       Javelin           |       |     2 |       ||     2
       Throwing net      |       |     1 |       ||     1
Evoke: Wand              |       |     2 |       ||     2
  Use: Scroll            |       |     1 |       ||     1
       Potion            |       |     5 |       ||     5
 Stab: Sleeping          |     2 |       |       ||     2
       Paralysed         |       |     6 |       ||     6
  Eat: Chunk             |    17 |    11 |       ||    28
Armor: Robe              |    49 |    71 |       ||   120
Dodge: Dodged            |    69 |   116 |     2 ||   187
